Match 28575161
Unlisted

Match 28575161
End
Vickers Machine Gun Team
Construct Section Command Post
Dingo Light Scout Car
Infantry Section
Infantry Section
Construct Platoon Command Post
Humber Armored Car
Humber Armored Car
Light Vehicle Training
Selects Heavy Armor Battlegroup
Selects Rigorous Vehicle Training
ML 3-inch Mortar Team
Infantry Section
Selects Light Vehicle Withdraw and Refit
Selects Radio Net
Radio Net
Construct Company Command Post
Crusader II Medium Tank
Selects Recon Artillery
Crusader II Medium Tank
Armored Vehicle Training
Recon Artillery
Radio Net
Crusader II Medium Tank
乌拉
Heartless Jäger
Marson
CAuMOH
0
0

Comments sign in to comment!

No comments posted yet!